 Dungeon Crawl Stone Soup version 0.21.1-1-g345015fe64 (webtiles) character file.

191 Henning the Insei (level 5, -2/41 HPs)
             Began as a Gnoll Transmuter on July 2, 2018.
             Killed by divine providence
             ... invoked by an orc priest
              (14 damage)
             ... on level 3 of the Dungeon.
             The game lasted 00:08:24 (2376 turns).

Henning the Insei (Gnoll Transmuter)                Turns: 2376, Time: 00:08:24

Health: -2/41      AC:  3    Str: 13    XL:     5   Next: 70%
Magic:  11/12      EV: 15    Int: 16    God:
Gold:   191        SH:  0    Dex: 15    Spells: 13/14 levels left

rFire    . . .     SeeInvis .     - Unarmed
rCold    . . .     Gourm    .   (no shield)
rNeg     . . .     Faith    .   b - +0 robe
rPois    .         Spirit   .   (no helmet)
rElec    .         Reflect  .   (no cloak)
rCorr    +         Harm     .   (no gloves)
MR       .....                  m - +0 pair of boots
Stlth    ++........             v - amulet of regeneration
HPRegen  0.53/turn              u - ring of resist corrosion
MPRegen  0.13/turn              (no ring)

@: appendage
A: distributed training, fangs 1, horns 2, strong nose
a: End Transformation


You were on level 3 of the Dungeon.
You were hungry.
You had grown temporary horns.
You visited 1 branch of the dungeon, and saw 3 of its levels.

You collected 191 gold pieces.

Inventory:

Hand Weapons
 t - a +0 flail
Missiles
 a - 38 arrows
 e - 7 javelins (quivered)
Armour
 b - a +0 robe (worn)
 m - a +0 pair of boots (worn)
 q - a +0 leather armour
Jewellery
 u - a ring of resist corrosion (left hand)
 v - an amulet of regeneration (around neck)
Scrolls
 f - a scroll of remove curse {unknown}
 g - a scroll of noise {unknown}
 h - 2 scrolls of teleportation {unknown}
 l - a scroll of blinking {unknown}
 o - 4 scrolls of identify {unknown}
 s - a scroll of immolation {unknown}
 w - a scroll of enchant weapon {unknown}
Potions
 i - 3 potions of brilliance {unknown}
 j - a potion of heal wounds {unknown}
 k - 2 potions of curing {unknown}
 n - a potion of haste {unknown}
 r - a potion of mutation {unknown}
Books
 c - a book of Changes

   Spells                             Type                      Level
   a - Beastly Appendage              Transmutation                1
   b - Sticks to Snakes               Transmutation                2
   c - Spider Form                    Transmutation/Poison         3
   d - Ice Form                       Ice/Transmutation            4
   e - Blade Hands                    Transmutation                5
Comestibles
 d - 6 rations
 p - a chunk of flesh


   Skills:
 + Level 3.0 Fighting
 + Level 1.5 Short Blades
 + Level 1.5 Long Blades
 + Level 1.5 Axes
 + Level 1.5 Maces & Flails
 + Level 1.5 Polearms
 + Level 1.5 Staves
 + Level 1.5 Slings
 + Level 1.5 Bows
 + Level 1.5 Crossbows
 + Level 1.5 Throwing
 + Level 1.5 Armour
 + Level 4.8 Dodging
 + Level 1.5 Stealth
 + Level 1.5 Shields
 + Level 6.7 Unarmed Combat
 + Level 5.2 Spellcasting
 + Level 1.2 Conjurations
 + Level 1.2 Hexes
 + Level 1.2 Charms
 + Level 1.2 Summonings
 + Level 1.2 Necromancy
 + Level 1.2 Translocations
 + Level 4.0 Transmutations
 + Level 1.2 Fire Magic
 + Level 1.2 Ice Magic
 + Level 1.2 Air Magic
 + Level 1.2 Earth Magic
 + Level 1.2 Poison Magic
 + Level 1.7 Invocations
 + Level 1.5 Evocations


You had 13 spell levels left.
You knew the following spells:

 Your Spells              Type           Power        Failure   Level  Hunger
a - Beastly Appendage     Tmut           ###...       2%          1    None


Dungeon Overview and Level Annotations

Branches:
Dungeon (3/15)

Altars:
Ashenzari
Fedhas
Qazlal
Wu Jian


Innate Abilities, Weirdness & Mutations

Your experience applies equally to all skills.
You have very sharp teeth.
Your uncanny sense of smell can sniff out nearby items.
You have a pair of horns on your head.


Message History

Confirm with . or Enter, or press ? or * to list all spells.
You grow a pair of large bovine horns.
The orc priest misses you.
You hit the orc priest but do no damage.
The orc priest is lightly wounded.
The orc priest hits you but does no damage.
You hit the orc priest but do no damage.
You bite the orc priest, but do no damage.
The orc priest is lightly wounded.
The orc priest barely misses you.
You barely miss the orc priest.
The orc priest is lightly wounded.
The orc priest closely misses you.
You closely miss the orc priest.
The orc priest is lightly wounded.
You closely miss the orc priest. Your headbutt misses the orc priest.
Your bite misses the orc priest.
The orc priest is lightly wounded.
The orc priest invokes the aid of Beogh against you.
Beogh smites you!
You die...

..## ##.##.##
....# #.##.##
.⌠._# #......
.....# #.###.#
###....# ##..##.#
#.'...8# ##....#.#
#)# ##.......# #o#
#.......## #@#
#..##÷#.# #.#
#(.##.#.# #.###
##.....#.##
#...####...#......
###.......##....##
##.....<.##.#....
#............#.##
#.##########.#.##
#.#........#.#.##


You could see an orc priest.

Vanquished Creatures
  2 orc priests (D:3)
  An orc wizard (D:3)
  3 adders
  An ooze (D:2)
  2 worms
  4 dart slugs
  A leopard gecko (D:2)
  5 orcs (D:3)
  4 giant cockroaches
  7 goblins
  4 hobgoblins
  4 jackals (D:1)
  A quokka (D:2)
  5 bats
  6 frilled lizards
  3 kobolds (D:1)
  8 rats
61 creatures vanquished.

Notes
Turn   | Place    | Note
-------+----------+-------------------------------------------
     0 | D:1      | Henning the Gnoll Transmuter began the quest for the Orb.
     0 | D:1      | Reached XP level 1. HP: 17/17 MP: 6/6
   117 | D:1      | Reached XP level 2. HP: 23/23 MP: 5/7
   777 | D:1      | Reached XP level 3. HP: 28/28 MP: 7/9
   976 | D:1      | Reached skill level 5 in Spellcasting
  1234 | D:2      | Reached skill level 1 in Invocations
  1428 | D:2      | Found a stormy altar of Qazlal.
  1457 | D:2      | Reached skill level 1 in Short Blades
  1457 | D:2      | Reached skill level 1 in Long Blades
  1457 | D:2      | Reached skill level 1 in Axes
  1457 | D:2      | Reached skill level 1 in Maces & Flails
  1457 | D:2      | Reached skill level 1 in Polearms
  1457 | D:2      | Reached skill level 1 in Staves
  1457 | D:2      | Reached skill level 1 in Slings
  1457 | D:2      | Reached skill level 1 in Bows
  1457 | D:2      | Reached skill level 1 in Crossbows
  1457 | D:2      | Reached skill level 1 in Throwing
  1457 | D:2      | Reached skill level 1 in Armour
  1457 | D:2      | Reached skill level 1 in Stealth
  1457 | D:2      | Reached skill level 1 in Shields
  1457 | D:2      | Reached skill level 1 in Evocations
  1460 | D:2      | Reached XP level 4. HP: 34/34 MP: 11/11
  1927 | D:3      | Reached skill level 1 in Conjurations
  1927 | D:3      | Reached skill level 1 in Hexes
  1927 | D:3      | Reached skill level 1 in Charms
  1927 | D:3      | Reached skill level 1 in Summonings
  1927 | D:3      | Reached skill level 1 in Necromancy
  1927 | D:3      | Reached skill level 1 in Translocations
  1927 | D:3      | Reached skill level 1 in Fire Magic
  1927 | D:3      | Reached skill level 1 in Ice Magic
  1927 | D:3      | Reached skill level 1 in Air Magic
  1927 | D:3      | Reached skill level 1 in Earth Magic
  1927 | D:3      | Reached skill level 1 in Poison Magic
  1927 | D:3      | Reached XP level 5. HP: 40/40 MP: 12/12
  2134 | D:3      | Found a blossoming altar of Fedhas.
  2195 | D:3      | Found a stormy altar of Qazlal.
  2196 | D:3      | Found a shattered altar of Ashenzari.
  2339 | D:3      | Found an ornate altar of the Wu Jian Council.
  2376 | D:3      | Killed from afar by an orc priest

Skill      XL: |  1  2  3  4  5 |
---------------+----------------+-----
Spellcasting   | 5 |  5.2
Invocations    | 1 |  1.7
Short Blades   | 1 |  1.5
Long Blades    | 1 |  1.5
Axes           | 1 |  1.5
Maces & Flails | 1 |  1.5
Polearms       | 1 |  1.5
Staves         | 1 |  1.5
Slings         | 1 |  1.5
Bows           | 1 |  1.5
Crossbows      | 1 |  1.5
Throwing       | 1 |  1.5
Armour         | 1 |  1.5
Stealth        | 1 |  1.5
Shields        | 1 |  1.5
Evocations     | 1 |  1.5
Conjurations   | 1 |  1.2
Hexes          | 1 |  1.2
Charms         | 1 |  1.2
Summonings     | 1 |  1.2
Necromancy     | 1 |  1.2
Translocations | 1 |  1.2
Fire Magic     | 1 |  1.2
Ice Magic      | 1 |  1.2
Air Magic      | 1 |  1.2
Earth Magic    | 1 |  1.2
Poison Magic   | 1 |  1.2
Fighting       | 3 |  3.0
Transmutations | 4 |  4.0
Dodging        | |  4.8
Unarmed Combat | |  6.7

Action                   |  1- 3 |  4- 6 || total
-------------------------+-------+-------++-------
Melee: Unarmed           |    87 |    77 ||   164
       Kick              |     5 |       ||     5
       Bite              |     5 |     5 ||    10
       Headbutt          |     6 |     6 ||    12
       Punch             |     1 |     2 ||     3
Throw: Javelin           |     2 |       ||     2
 Cast: Beastly Appendage |    27 |    12 ||    39
 Stab: Sleeping          |     4 |     1 ||     5
  Eat: Chunk             |     2 |     2 ||     4
Armor: Robe              |     8 |    14 ||    22
Dodge: Dodged            |    39 |    41 ||    80
